 Dungeon Crawl Stone Soup version 0.29.1-2-gbd0b4ee654 (webtiles) character file.

Game seed: 18314210142784554424

23 croobank the Insei (level 3, 0/23 HPs)
             Began as an Octopode Transmuter on Nov 19, 2022.
             Slain by a bat (1 damage)
             ... on level 1 of the Dungeon.
             The game lasted 00:01:48 (672 turns).

croobank the Insei (Octopode Transmuter)             Turns: 672, Time: 00:01:48

Health: 0/23       AC:  1    Str:  9    XL:     3   Next: 0%
Magic:  5/6        EV: 13    Int: 17    God:
Gold:   97         SH:  0    Dex: 12    Spells: 3/6 levels left

rFire   . . .      SeeInvis .   e - +0 sling
rCold   . . .      Faith    .   (no shield)
rNeg    . . .      Spirit   .   (helmet currently unavailable)
rPois   .          Reflect  .   (no amulet)
rElec   .          Harm     .   (no ring)
rCorr   .          Rampage  .   (no ring)
Will    .....                   (no ring)
Stlth   ++........              (no ring)
HPRegen 0.07/turn               (no ring)
MPRegen 0.10/turn               (no ring)
                                (no ring)
                                (no ring)

@: appendages (expiring)
A: tentacle spike 3, almost no armour, amphibious, 8 rings, camouflage 1,
gelatinous body 1, (nimble swimmer 1), tentacles
a: End Transformation


You were on level 1 of the Dungeon.
One of your tentacles had grown a beastly spike.
You visited 1 branch of the dungeon, and saw 1 of its levels.

You collected 97 gold pieces.

Inventory:

Hand Weapons
 e - a +0 sling (weapon)
 f - a +0 whip
Missiles
 d - 5 poisoned darts
Scrolls
 c - a scroll of identify {unknown}
Potions
 a - a potion of lignification
 b - a potion of curing {unknown}
 g - 3 potions of brilliance {unknown}


   Skills:
 + Level 1.4 Fighting
 + Level 2.3 Dodging
 + Level 3.2 Unarmed Combat
 + Level 2.2 Spellcasting
 + Level 2.3 Transmutations


You had 3 spell levels left.
You knew the following spells:

 Your Spells              Type           Power      Damage    Failure   Level
a - Beastly Appendage     Tmut           18%        N/A       8%          1
b - Wereblood             Tmut           9%         N/A       11%         2

Your spell library contained the following spells:

 Spells                   Type           Power      Damage    Failure   Level
 Spider Form              Tmut/Pois      5%         N/A       34%         3
 Ice Form                 Ice/Tmut       5%         N/A       75%         4


Dungeon Overview and Level Annotations

Branches:
Dungeon (1/15)

Altars:


Innate Abilities, Weirdness & Mutations

One of your tentacles has grown a beastly spike.
You cannot wear most types of armour.
You are amphibious.
You can wear up to eight rings at the same time.
Your skin changes colour to match your surroundings (Stealth+).
Your rubbery body absorbs attacks. (AC +1, EV +1)
((You are camouflaged when in or above water. (Stealth+)))
You have tentacles for arms and can constrict up to eight enemies at once.


Message History

* * * LOW HITPOINT WARNING * * *
The ball python misses you.
You hit the ball python.
You kill the ball python!
The bat hits you.
* * * LOW HITPOINT WARNING * * *
You have reached level 3!
Your experience leads to an increase in your attributes!
Increase (S)trength, (I)ntelligence, or (D)exterity?
You feel clever. x2
You are now empty-tentacled.
You are too injured to fight recklessly!
Casting: Beastly Appendage (safe; 8% risk of failure)
Press: ? - help, Q - select action, (/) - cycle Dir - look around, f - activate
Okay, then.
e - a +0 sling (weapon)
Fire: e) +0 sling
Press: ? - help, Q - select action, (/) - cycle Shift-Dir - straight line, f - bat
Aim: a bat (34% to hit)
You shoot a sling bullet. The sling bullet barely misses the bat.
The bat hits you but does no damage. The bat misses you.
Fire: e) +0 sling
Press: ? - help, Q - select action, (/) - cycle Shift-Dir - straight line, f/p - bat
Aim: a bat (34% to hit)
You shoot a sling bullet. The sling bullet barely misses the bat.
The bat barely misses you.
Fire: e) +0 sling
Press: ? - help, Q - select action, (/) - cycle Shift-Dir - straight line, f/p - bat
Aim: a bat (34% to hit)
You shoot a sling bullet.
The sling bullet completely misses the bat.
The bat hits you.
* * * LOW HITPOINT WARNING * * *
Fire: e) +0 sling
Press: ? - help, Q - select action, (/) - cycle Shift-Dir - straight line, f/p - bat
Aim: a bat (34% to hit)
You shoot a sling bullet.
The sling bullet hits the bat but does no damage.
The bat hits you.
You die...

†#.#+####
#.#
.#.######
#.#
........>#
#.#
....####.#
#.# #...#
#.# #...#
#.# #...#
#.# #...#
#.# #....
# #@#
#.....
#.#b###
#.....#
#...#.#
#...#.#
#>..# # #
#...# ≈≈
#.... ≈≈
#....


You could see a bat.

Vanquished Creatures
  3 ball pythons (D:1)
  3 endoplasms (D:1)
  3 jackals (D:1)
  3 kobolds (D:1)
  A quokka (D:1)
  2 bats (D:1)
  A frilled lizard (D:1)
  2 goblins (D:1)
  2 rats (D:1)
20 creatures vanquished.

Notes
Turn   | Place    | Note
-------+----------+-------------------------------------------
     0 | D:1      | croobank the Octopode Transmuter began the quest for the
                  | Orb.
     0 | D:1      | Reached XP level 1. HP: 13/13 MP: 3/3
   166 | D:1      | Found a faded altar of an unknown god.
   249 | D:1      | Reached XP level 2. HP: 16/18 MP: 3/5
   260 | D:1      | Learned a level 2 spell: Wereblood
   667 | D:1      | Reached XP level 3. HP: 2/23 MP: 4/6
   671 | D:1      | HP: 1/23 [bat (1)]
   672 | D:1      | Slain by a bat

Illustrated notes

Levels and vault maps discovered:
D:1:      lemuel_arrival_behind_the_door_large, layout_basic,
          shapermc_ecumenical_altar_venn, minivault_11, minmay_crystal_water,
          amcnicky_mini_rare_corridor_liquid

Action                   || total
-------------------------++-------
Melee: Unarmed           ||    34
       Kick              ||    11
       Constrict         ||     8
       Tentacles         ||     7
       Whip              ||     2
       Punch             ||     1
 Fire: Sling             ||    14
 Cast: Beastly Appendage ||     7
 Stab: Sleeping          ||     1
Armor: Skin              ||    11
Dodge: Dodged            ||    33
